 Dungeon Crawl Stone Soup version 0.29-a0-617-g7a6b98fccd (console) character file.

Game seed: 2828444318574581963

131 om the Sneak (level 4, -4/24 HPs)
             Began as a Vampire Enchanter on June 17, 2022.
             Slain by an orc
             ... wielding a +0 war axe
              (5 damage)
             ... on level 2 of the Dungeon.
             The game lasted 00:05:52 (1728 turns).

om the Sneak (Vampire Enchanter)                    Turns: 1728, Time: 00:05:52

Health: -4/24      AC:  3    Str:  7    XL:     4   Next: 91%
Magic:  0/7        EV: 13    Int: 17    God:
Gold:   144        SH:  0    Dex: 16    Spells: 5/7 levels left

rFire   . . .      SeeInvis +   a - +1 dagger
rCold   + + .      Faith    .   (no shield)
rNeg    + + +      Spirit   .   b - +0 robe
rPois   ∞          Reflect  .   (no helmet)
rElec   .          Harm     .   d - +0 cloak {Will+}
rCorr   .          Rampage  .   (no gloves)
Will    +....                   (no boots)
Stlth   +++++.....              q - amulet of regeneration
HPRegen 0.00/turn               (no ring)
MPRegen 0.10/turn               (no ring)

@: bloodless, inhibited regen
A: bloodless, fangs 3, see invisible, vampiric 2
a: Bat Form, Revivify


You were on level 2 of the Dungeon.
You visited 1 branch of the dungeon, and saw 3 of its levels.

You collected 144 gold pieces.

Inventory:

Hand Weapons
 a - a +1 dagger (weapon)
Armour
 b - a +0 robe (worn)
 d - a +0 cloak of willpower (worn)
Jewellery
 q - an amulet of regeneration (around neck)
Wands
 n - a wand of paralysis (8)
Scrolls
 f - a scroll of identify
 g - a scroll of vulnerability {unknown}
 h - 3 scrolls of fear {unknown}
 k - a scroll of enchant weapon {unknown}
 l - a scroll of magic mapping {unknown}
 o - a scroll of enchant armour {unknown}
 p - a scroll of fog {unknown}
Potions
 c - 2 potions of invisibility
 e - a potion of haste
 i - 4 potions of curing
 m - a potion of might {unknown}


   Skills:
 * Level 4.6 Short Blades
 - Level 3.0 Dodging
 - Level 5.0 Stealth
 - Level 2.0 Spellcasting
 - Level 4.4 Hexes


You had 5 spell levels left.
You knew the following spells:

 Your Spells              Type           Power      Damage    Failure   Level
a - Ensorcelled Hibernat  Hex/Ice        18%        N/A       12%         2

Your spell library contained the following spells:

 Spells                   Type           Power      Damage    Failure   Level
 Confusing Touch          Hex            16%        N/A       10%         3
 Tukima's Dance           Hex            16%        N/A       10%         3
 Dazzling Flash           Conj/Hex       18%        N/A       24%         3
 Yara's Violent Unravell  Hex/Tmut       4%         3d4       91%         5
 Enfeeble                 Hex            8%         N/A       100%        7


Dungeon Overview and Level Annotations

Branches:
Dungeon (3/15)

Altars:


Innate Abilities, Weirdness & Mutations

You do not regenerate when monsters are visible.
You are frail without blood (-20% HP).
You can heal yourself when you bite living creatures.
You are immune to poison.
You have razor-sharp teeth.
You have supernaturally acute eyesight. (SInv)
You are afflicted with vampirism and can become a bat while bloodless.


Message History

The orc throws a boomerang.
The boomerang misses you.
The orc throws a boomerang.
The boomerang hits you.
Things that are here:
a +0 flail; an orc corpse
There is a stone staircase leading up here.
Aiming: Ensorcelled Hibernation (safe; 12% risk of failure)
Press: ? - help, Q - select action, (/) - cycle Shift-Dir - straight line, f - orc
Aim: an orc, wielding a +0 flail and quivering boomerangs (lightly wounded, chance to affect: 61%)
The orc looks drowsy...
The helpless orc fails to defend itself.
You bite the orc, and draw its blood!
You feel better.
You impale the orc!!
You kill the orc!
Aiming: Ensorcelled Hibernation (safe; 12% risk of failure)
Press: ? - help, Q - select action, (/) - cycle Shift-Dir - straight line, f - orc
Aim: an orc, wielding a +0 war axe and wearing a +0 scale mail (chance to affect: 61%)
The orc resists with significant effort.
Aiming: Ensorcelled Hibernation (safe; 12% risk of failure)
Press: ? - help, Q - select action, (/) - cycle Shift-Dir - straight line, f/p - orc
Aim: an orc, wielding a +0 war axe and wearing a +0 scale mail (chance to affect: 61%)
The orc resists with significant effort.
The orc hits you with a +0 war axe. The orc misses you.
You don't have enough magic to cast this spell.
You don't have enough magic to cast this spell.
The orc hits you with a +0 war axe. The orc closely misses you.
You climb upwards.
There is a stone staircase leading down here.
Aiming: Ensorcelled Hibernation (safe; 12% risk of failure)
Press: ? - help, Q - select action, (/) - cycle Shift-Dir - straight line, f - orc
Aim: an orc, wielding a +0 war axe and wearing a +0 scale mail (chance to affect: 61%)
The orc resists with significant effort.
The orc hits you with a +0 war axe.
* * * LOW HITPOINT WARNING * * *
You hit the orc but do no damage. The orc misses you.
The orc hits you with a +0 club.
* * * LOW HITPOINT WARNING * * *
The orc attacks as you move away! The orc hits you with a +0 club.
* * * LOW HITPOINT WARNING * * *
You don't have enough magic at the moment.
The orc attacks as you move away! The orc misses you.
The orc attacks as you move away! The orc hits you with a +0 war axe.
You die...

#.....#############.#.# #...#.#
#.......[.....#
#####'###.##########..#
#..........# #..# ###
#..........# #..# ##..
#..........# ##.# #...
#..........# #)########...
#..........#########>.....÷.'...
#..........##........###....#...
#..........##...o....###....#...
#..........##..@o...........##..
#..........##........##......###
#..........##........##.......#.
#..........##........##.......#.
#...............................
########........................
#........................
#........................
#........................
#.....##########.########
#.....# #.#


You could see 2 orcs.

Vanquished Creatures
  An orc priest (D:3)
  An orc wizard (D:3)
  4 adders (D:2)
  A worm (D:2)
  5 orcs (D:3)
  An endoplasm (D:1)
  3 giant cockroaches
  A goblin (D:2)
  3 quokkas
  8 ball pythons
  A bat (D:1)
  2 frilled lizards (D:1)
  6 kobolds
  2 rats
39 creatures vanquished.

Notes
Turn   | Place    | Note
-------+----------+-------------------------------------------
     0 | D:1      | om the Vampire Enchanter began the quest for the Orb.
     0 | D:1      | Reached XP level 1. HP: 13/13 MP: 3/3
    22 | D:1      | Found a faded altar of an unknown god.
   329 | D:1      | Reached XP level 2. HP: 19/19 MP: 5/5
   332 | D:1      | Learned a level 2 spell: Ensorcelled Hibernation
   657 | D:2      | Reached skill level 5 in Stealth
   657 | D:2      | Gained mutation: You are afflicted with vampirism and can
                  | become a bat while bloodless. [Vampire growth]
   657 | D:2      | Reached XP level 3. HP: 24/24 MP: 1/6
  1441 | D:3      | Reached XP level 4. HP: 24/24 MP: 7/7
  1687 | D:3      | HP: 1/24 [orc priest/divine providence (10)]
  1726 | D:2      | HP: 1/24 [orc/+0 club (1)]
  1728 | D:2      | Slain by an orc

Illustrated notes

Levels and vault maps discovered:
D:1:      mushboom_english_gardens, layout_rooms, ebering_ecumenical_altar_rust
D:2:      layout_basic, kennysheep_flooded_box
D:3:      layout_basic, nicolae_overflow_crystal_walls

Skill      XL: |  1  2  3  4 |
---------------+-------------+-----
Short Blades   | 2 3 4 |  4.6
Stealth        | 5 |  5.0
Dodging        | 3 |  3.0
Spellcasting   | |  2.0
Hexes          | |  4.4

Action                   |  1- 3 |  4- 6 || total
-------------------------+-------+-------++-------
Melee: Dagger            |    61 |    29 ||    90
       Bite              |     7 |     4 ||    11
       Punch             |       |     3 ||     3
 Cast: Ensorcelled Hiber |    18 |     8 ||    26
 Abil: Exsanguinate      |     1 |       ||     1
  Use: Scroll            |     5 |       ||     5
       Potion            |       |     1 ||     1
 Stab: Sleeping          |    15 |     6 ||    21
Armor: Robe              |    13 |     4 ||    17
Dodge: Dodged            |    47 |    31 ||    78

Table legend: (Time is in decaauts)
 A = Elapsed time spent in this place.
 B = Non-inter-level travel time spent in this place.
 C = Inter-level travel time spent in this place.
 D = Time resting spent in this place.
 E = Time spent auto-exploring this place.
 F = Levels seen in this place.
 G = Mean time per level.
                   A        B        C        D        E       F      G
               +--------+--------+--------+--------+--------+-----+--------+
         Total |   1714 |   1663 |     51 |    241 |    952 |   3 |  571.3 |
       Dungeon |   1714 |   1663 |     51 |    241 |    952 |   3 |  571.3 |
               +--------+--------+--------+--------+--------+-----+--------+

Top non-repeatable levels by time:
     D:2: 934 daAuts
     D:1: 491 daAuts
     D:3: 288 daAuts
